 Dungeon Crawl Stone Soup version 0.19-a0-1895-g783e625 (webtiles) character file.

95 Alarkh the Grave Robber (level 4, -3/30 HPs)
             Began as a Mummy Necromancer on Oct 18, 2016.
             Slain by a wight
             ... wielding a +4 trident
             ... created by the anger of Yredelemnul
              (8 damage)
             ... on level 3 of the Dungeon.
             The game lasted 00:03:21 (1635 turns).

Alarkh the Grave Robber (Mummy Necromancer)         Turns: 1635, Time: 00:03:22

Health: -3/30      AC:  6    Str: 11    XL:     4   Next: 39%
Magic:  0/8        EV: 12    Int: 15    God:
Gold:   121        SH:  0    Dex: 12    Spells: 3 memorised, 1 level left

rFire  x . .     SeeInvis .     o - +0 mace
rCold  + . .     Gourm    .     a - +0 robe
rNeg   + + +     Faith    .     (no shield)
rPois  ∞         Spirit   .     h - +0 helmet
rElec  .         Reflect  .     (no cloak)
rCorr  .         Harm     .     (no gloves)
MR     +....                    n - +2 pair of boots
Stlth  +++.......               (no amulet)
                                l - ring of protection from magic
                                j - ring of stealth

@: very slightly contaminated
A: no food or potions, fire vulnerability, cold resistance 1, negative energy
resistance 3, torment resistance, unbreathing
a: no special abilities


You were on level 3 of the Dungeon.
You were not hungry.

You visited 1 branch of the dungeon, and saw 3 of its levels.

You collected 121 gold pieces.

Inventory:

Hand Weapons
 o - a +0 mace (weapon)
Armour
 a - a +0 robe (worn)
 h - a +0 helmet (worn)
 n - a +2 pair of boots (worn)
Jewellery
 g - a +4 ring of dexterity
 j - a ring of stealth (left hand)
 l - a ring of protection from magic (right hand)
 m - an uncursed ring of protection from cold
Scrolls
 c - 2 scrolls of amnesia
 d - a scroll of remove curse
 e - a scroll of identify
 f - a scroll of teleportation
 i - 3 scrolls of recharging
 p - a scroll of fear {unknown}
Books
 b - a book of Necromancy

   Spells                             Type                      Level
   a - Pain                           Necromancy                   1
   b - Animate Skeleton               Necromancy                   1
   c - Vampiric Draining              Necromancy                   3
   d - Regeneration                   Charms/Necromancy            3
   e - Animate Dead                   Necromancy                   4
   f - Control Undead                 Necromancy                   4
 k - a book of Maledictions

   Spells                             Type                      Level
   a - Corona                         Hexes                        1
   b - Ensorcelled Hibernation        Hexes/Ice                    2
   c - Confuse                        Hexes                        3
   d - Tukima's Dance                 Hexes                        3
   e - Dazzling Spray                 Conjuration/Hexes            3


   Skills:
 - Level 1.5 Dodging
 - Level 1.5 Stealth
 + Level 3.3 Spellcasting
 + Level 5.1 Necromancy


You had one spell level left.
You knew the following spells:

 Your Spells              Type           Power        Failure   Level  Hunger
a - Pain                  Necr           ###.         2%          1    N/A
b - Vampiric Draining     Necr           ###.......   10%         3    N/A
c - Control Undead        Necr           ###.......   28%         4    N/A

Dungeon Overview and Level Annotations

Branches:
Dungeon (3/15)

Altars:
Trog
Xom
Yredelemnul


Innate Abilities, Weirdness & Mutations

You do not eat or drink.
Your flesh is vulnerable to fire.
You are immune to poison.
Your flesh is cold resistant. (rC+)
You are immune to negative energy. (rN+++)
You are immune to unholy pain and torment.
You can survive without breathing.


Message History

The orc shouts!
The wight hits you from afar with an enchanted trident.
* * * LOW HITPOINT WARNING * * *
You bump into the rock wall.
You feel less confused. The wight closely misses you.
Casting: Pain
Confirm with . or Enter, or press ? or * to list all spells.
Okay, then.
Casting: Pain
Confirm with . or Enter, or press ? or * to list all spells.
You miscast Control Undead.
You are very lightly contaminated with residual magic.
Pain shoots through your body. The wight completely misses you.
The orc barely misses you.
Casting: Control Undead
Confirm with . or Enter, or press ? or * to list all spells.
The wight resists with some effort.
The wight hits you from afar with an enchanted trident!
You die...

#.# #.# #.#
#.# #.# #.#
#o# #@# #.#
#z#########
#>........#
#########.#
#.# #.###
#...# ###.#


You could see a wight and an orc.

Vanquished Creatures
  A hound (D:3)
  2 adders (D:2)
  An ooze (D:1)
  A worm (D:2)
  A dart slug (D:2)
  2 leopard geckos (D:2)
  2 giant cockroaches (D:3)
  8 goblins
  3 hobgoblins (D:3)
  4 kobolds (D:1)
  A quokka (D:2)
  A ball python (D:3)
  5 bats
  2 frilled lizards (D:1)
  2 rats (D:1)
36 creatures vanquished.

Notes
Turn   | Place    | Note
-------+----------+-------------------------------------------
     0 | D:1      | Alarkh the Mummy Necromancer began the quest for the Orb.
     0 | D:1      | Reached XP level 1. HP: 13/13 MP: 3/3
   134 | D:1      | Found a shimmering altar of Xom.
   287 | D:1      | Reached XP level 2. HP: 13/19 MP: 1/5
   795 | D:2      | Found a bloodstained altar of Trog.
   803 | D:2      | Reached XP level 3. HP: 13/24 MP: 1/7
   808 | D:2      | Learned a level 3 spell: Vampiric Draining
  1323 | D:2      | Found a faded altar of an unknown god.
  1338 | D:2      | Became a worshipper of Yredelemnul the Dark
  1338 | D:2      | Reached * piety under Yredelemnul
  1338 | D:2      | Fell from the grace of Yredelemnul
  1430 | D:3      | Reached skill level 5 in Necromancy
  1430 | D:3      | Reached XP level 4. HP: 27/30 MP: 0/8
  1520 | D:2      | Learned a level 4 spell: Control Undead
  1635 | D:3      | Slain by a wight

Vault maps used:
D:1:      scummos_arrival_star, xom_teletrap_fun
D:2:      old_standard_altar, ecumenical_altar_1
D:3:      nicolae_ru_great_annihilating_truth, first_bread,
          hangedman_decor_growths, minmay_statues_item

Skill      XL: |  1  2  3 |
---------------+----------+-----
Spellcasting   | 3 |  3.3
Necromancy     | 5 |  5.1
Dodging        | |  1.5
Stealth        | |  1.5

Action                   |  1- 3 |  4- 6 || total
-------------------------+-------+-------++-------
Melee: Whip              |    18 |       ||    18
       Unarmed           |     1 |       ||     1
       Mace              |     2 |    19 ||    21
 Cast: Pain              |    56 |     9 ||    65
       Control Undead    |       |     1 ||     1
Invok: Renounce Religion |     1 |       ||     1
  Use: Scroll            |     4 |       ||     4
 Stab: Sleeping          |       |     3 ||     3
Armor: Robe              |     9 |     4 ||    13
Dodge: Dodged            |    21 |    15 ||    36
